 Dungeon Crawl Stone Soup version 0.27.1-1-g398f81649c (webtiles) character file.

Game seed: 3548832067828665474

152 Borgoz the Slasher (level 5, -5/46 HPs)
             Began as a Minotaur Berserker on Sept 19, 2021.
             Was a Priest of Trog.
             Splashed by Ijyb's acid (18 damage)
             ... on level 3 of the Dungeon.
             The game lasted 00:01:55 (2262 turns).

Borgoz the Slasher (Minotaur Berserker)             Turns: 2262, Time: 00:01:55

Health: -5/46      AC:  0    Str: 22    XL:     5   Next: 11%
Magic:  4/4        EV: 12    Int:  4    God:    Trog [***...]
Gold:   79         SH:  0    Dex: 10    Spells: 4/4 levels left

rFire    . . .     SeeInvis .   a - +0 falchion
rCold    . . .     Faith    .   (no shield)
rNeg     . . .     Spirit   .   b - +0 animal skin
rPois    .         Reflect  .   (helmet restricted)
rElec    .         Harm     .   (no cloak)
rCorr    .         Rampage  .   (no gloves)
Will     .....                  p - +0 pair of boots
Stlth    +.........             (no amulet)
HPRegen  0.15/turn              k - +4 ring of protection
MPRegen  0.09/turn              (no ring)

@: corroded
A: horns 2, retaliatory headbutt
a: Renounce Religion, Berserk, Trog's Hand


You were on level 3 of the Dungeon.
You worshipped Trog.
Trog was most pleased with you.
You visited 1 branch of the dungeon, and saw 3 of its levels.

You collected 79 gold pieces.

Inventory:

Hand Weapons
 a - a +0 falchion (weapon)
Armour
 b - a +0 animal skin (worn)
 e - a +0 scale mail
 p - a +0 pair of boots (worn)
Jewellery
 k - a +4 ring of protection (left hand)
Scrolls
 d - a scroll of enchant armour {unknown}
 i - 2 scrolls of teleportation {unknown}
 j - a scroll of fog {unknown}
 l - a scroll of magic mapping {unknown}
Potions
 c - a potion of might
 f - a potion of invisibility
 g - a potion of ambrosia
 h - a potion of heal wounds {unknown}
 m - a potion of flight {unknown}
 n - a potion of mutation {unknown}
 o - a potion of haste {unknown}


   Skills:
 + Level 4.3 Fighting
 * Level 5.0 Long Blades
 * Level 4.2 Armour
 + Level 3.1 Dodging


You had 4 spell levels left.
You didn't know any spells.
Your spell library was empty.

Dungeon Overview and Level Annotations

Branches:
Dungeon (3/15)

Altars:
Okawaru

Annotations:
D:3 Ijyb


Innate Abilities, Weirdness & Mutations

You have a pair of horns on your head.
You reflexively headbutt those who attack you in melee.


Message History

You see here a ball python corpse.
You feel sick.
You feel sick.
You are no longer poisoned.
The endoplasm quivers.
A bat comes into view.
The endoplasm closely misses you.
You hit the endoplasm.
You headbutt the endoplasm, but do no damage.
The endoplasm is heavily wounded.
The endoplasm hits you but does no damage.
You hit the endoplasm but do no damage. You headbutt the endoplasm.
You kill the endoplasm!
Trog accepts your kill. The bat misses you. You furiously retaliate!
You headbutt the bat.
You riposte.
You closely miss the bat.
The bat is moderately wounded.
The bat hits you but does no damage. The bat closely misses you.
The bat misses you. The bat closely misses you. You furiously retaliate!
You headbutt the bat!
You kill the bat!
Trog accepts your kill.
No target in view!
No target in view!
No target in view!
No target in view!
No target in view!
HP restored.
i - 2 scrolls labelled QYN PUMPAYTZAE (gained 1) Ijyb the Twisted Goblin comes into view.
She is wielding a +0 dagger and carrying a wand of acid (8).
Ijyb is nearby!
Ijyb is nearby!
Ijyb zaps a wand.
The bolt of acid hits you. The acid corrodes you!
You are splashed with acid!
Found a whip and a leather armour.
You barely miss Ijyb.
Ijyb zaps a wand.
The bolt of acid hits you!!
* * * LOW HITPOINT WARNING * * *
The acid corrodes you!
You are splashed with acid!!
You die...

#........####.#
#........#.....
####..............
............#.....
............#.....
............#.....
..................
...........#.##..#
######.@........ #
#..g........
#............#
.......####...#
........# ...#
..........# ..
.....[)...#
.......####


You could see Ijyb.

Vanquished Creatures
  A hound (D:3)
  A hound skeleton (D:2)
  3 adders (D:2)
  3 dart slugs
  7 ball pythons
  7 bats
  7 endoplasms
  2 giant cockroaches
  9 goblins
  7 hobgoblins
  8 jackals
  A quokka (D:2)
  3 frilled lizards
  6 kobolds
  8 rats
73 creatures vanquished.

Notes
Turn   | Place    | Note
-------+----------+-------------------------------------------
     0 | D:1      | Borgoz the Minotaur Berserker began the quest for the Orb.
     0 | D:1      | Reached XP level 1. HP: 19/19 MP: 0/0
    18 | D:1      | Reached XP level 2. HP: 24/27 MP: 1/1
   270 | D:1      | Reached skill level 4 in Long Blades
   614 | D:1      | Reached ** piety under Trog
   771 | D:1      | Reached XP level 3. HP: 28/33 MP: 2/2
  1273 | D:2      | Reached XP level 4. HP: 40/40 MP: 3/3
  2016 | D:2      | Reached *** piety under Trog
  2152 | D:3      | Found an iron altar of Okawaru.
  2157 | D:3      | Reached skill level 5 in Long Blades
  2157 | D:3      | Reached XP level 5. HP: 46/46 MP: 4/4
  2258 | D:3      | Noticed Ijyb
  2262 | D:3      | Splashed by Ijyb's acid

Illustrated notes

Levels and vault maps discovered:
D:1:      roderic_crossed_star, layout_loops_ring, nrook_loot_triangle,
          minmay_pentomino_o2
D:2:      layout_loops_ring, minmay_circle_x
D:3:      layout_basic, mainiacjoe_overflow_alcove_2, basic_ecumenical_altar,
          uniq_ijyb

Skill      XL: |  1  2  3  4 |
---------------+-------------+-----
Long Blades    | 4 5 |  5.0
Armour         | 3 4 |  4.2
Fighting       | 4 |  4.3
Dodging        | 3 |  3.1

Action                   |  1- 3 |  4- 6 || total
-------------------------+-------+-------++-------
Melee: Falchion          |    69 |    63 ||   132
       Headbutt          |     9 |    11 ||    20
Invok: Berserk           |     1 |       ||     1
  Use: Scroll            |       |     3 ||     3
 Stab: Sleeping          |     1 |       ||     1
Armor: Animal skin       |     8 |     8 ||    16
Dodge: Dodged            |    38 |    49 ||    87
       Rpst.: Falchion   |    10 |     9 ||    19
